 Dungeon Crawl Stone Soup version 0.01-2115-ge649c80b0b (webtiles) character file.

Game seed: 14795984331175444684, levelgen mode: deterministic

36 Lanoc the Ducker (level 3, -2/26 HPs) Goblin Demonspawn. Began on June 5, 2020. Slain by a sewer rat (9 damage) ... on level 1 of the Dungeon. The game lasted 00:01:33 (914 turns).

Lanoc the Ducker (Goblin Demonspawn)                 Turns: 914, Time: 00:01:33

Health: -2/26      AC:  4    Str:  8    XL:     3 ^: 17
Magic:  5/5        EV: 14    Int:  6    God:
Gold:   41         SH:  0    Dex:  6    Spells: 6/7 levels left

rFire    . . .     Vision   .   a - +0 long sword
rCold    . . .     Gourm    .   (weapon restricted)
rNeg     . . .     Faith    .   b - +0 leather armour
rPois    .         Spirit   .   (helmet restricted)
rElec    .         Reflect  .   c - +0 cloak
rCorr    .         Harm     .   (no gloves)
MR       .....                  (no boots)
Stlth    +.........             (no amulet)
HPRegen  0.18/turn              (no ring)
MPRegen  0.15/turn              (no ring)

@: no status effects
A: small, stagnant stats, goblin's greed, antennae 1, low mp 1, mutation
resistance 1, god's pity 2
a: no special abilities


You were on level 1 of the Dungeon.
You were hungry.

You visited 1 branch of the dungeon, and saw 2 of its levels.

You collected 34 gold pieces.

Inventory:

Weapons
 a - a +0 long sword (weapon)
Armour
 b - a +0 leather armour (worn)
 c - a +0 cloak (worn)
Scrolls
 e - a scroll of blinking
 f - a scroll of teleportation
Comestibles
 d - 2 rations


   Skills:
 + Level 3.2 Fighting
 * Level 3.8 Long Blades
 + Level 4.4 Dodging
 - Level 2.6 Stealth
 - Level 2.6 Spellcasting
   Level 4.0 Invocations


You had 6 spell levels left.
You knew the following spells:

 Your Spells              Type           Power        Failure   Level  Hunger
a - Flame Tongue          Fire           0 (40)       41%         1    ##.....

Your spell library contained the following spells:

 Spells                   Type           Power        Failure   Level  Hunger
 Blink                    Tloc           N/A          56%         2    ###....
 Call Imp                 Summ           0 (100)      56%         2    ###....
 Slow                     Hex            0 (100)      56%         2    ###....
 Conjure Flame            Fire           0 (100)      80%         3    ####...
 Mephitic Cloud           Pois/Air       0 (100)      80%         3    ####...


Dungeon Overview and Level Annotations

Branches:
Dungeon (2/8)

Altars:
Xom


Innate Abilities, Weirdness & Mutations

Your stats never grow through leveling.
Your goblin ancestry allows you to find more gold. (+20%)
You are small and have problems with some larger weapons.
You have a pair of small antennae on your head.
Your magical capacity is low. (-10% MP)
You are somewhat resistant to further mutation.
The pity of the gods increases the power of your passive and invoked divine abilities.


Message History

You barely miss the sewer rat.
The sewer rat is lightly wounded. (9/10) HP The sewer rat bites you but does no damage.
You hit the sewer rat (4).
The sewer rat is heavily wounded. (5/10) HP You barely miss the sewer rat.
The sewer rat is heavily wounded. (5/10) HP The sewer rat bites you (4).
* * * LOW HITPOINT WARNING * * *
The sewer rat barely misses you (0).
You riposte.
You hit the sewer rat but do no damage.
The sewer rat is heavily wounded. (5/10) HP You hit the sewer rat but do no damage.
The sewer rat is heavily wounded. (5/10) HP You barely miss the sewer rat.
The sewer rat is heavily wounded. (5/10) HP The sewer rat closely misses you (0).
You riposte.
You barely miss the sewer rat.
You closely miss the sewer rat. x2; The sewer rat bites you (9)!
You die...

#.....##.# #...# #..######
#.....##.###.#.####.......#
####....................#.#
#...#..............#....
#...#...###.####...###.#
#..#...># #.# #.......#
##.###...# #.# #.....###
##.## ##r####.# #.###.#
#.## ##@....# #.# #.#
####.#####.#.#### #.# #.#
#.....#.#....#######.# #.#
#.##...#.#...........# #.#
#.##.......#........## #.#
#.##...#...#.######.# #†#
#.##.##.#..#.# #.# #.#
#.##.####....# #.# #.#
#.##.........# ###.####.#


You could see a sewer rat.

Vanquished Creatures
  2 cinder newts (D:1)
  A leopard gecko (D:1)
  3 bats (D:1)
  2 goblins (D:1)
  5 hobgoblins (D:1)
  3 kobolds (D:1)
  A ball python (D:2)
  4 rats (D:1)
21 creatures vanquished.

Notes
Turn   | Place    | Note
-------+----------+-------------------------------------------
     0 | D:1      | Lanoc the Goblin Demonspawn began the quest for the Orb.
     0 | D:1      | Reached XP level 1. HP: 15/15 MP: 2/2
   228 | D:1      | Gained mutation: You have a pair of small antennae on your
                  | head. [demonic ancestry]
   228 | D:1      | Reached XP level 2. HP: 18/21 MP: 4/4
   391 | D:1      | Reached XP level 3. HP: 21/26 MP: 5/5
   896 | D:2      | Found a shimmering altar of Xom.
   914 | D:1      | Slain by a sewer rat

Levels and vault maps discovered:
D:1:      minmay_arrival_nine_rooms, layout_loops_ring
D:2:      layout_sewer, old_standard_altar, old_standard_altar, xom_butterflies,
          first_ration, minmay_manual_mares, uniq_crazy_yiuf_cottage

Skill      XL: |  1 |
---------------+----+-----
Fighting       | 3 |  3.2
Long Blades    | 3 |  3.8
Dodging        | |  4.4
Stealth        | |  2.6
Spellcasting   | |  2.6
Invocations    | |  4.0

Action                   || total
-------------------------++-------
Melee: Long sword        ||   103
       Unarmed           ||    90
 Stab: Sleeping          ||     3
Armor: Leather armour    ||    14
Dodge: Dodged            ||   100
       Rpst.: Long sword ||    31
       Unarmed           ||    29
